AoeStats
← user89

QS Arena

503370621Analyzed
2v2 RM · 1mo ago on Aug 31, 2026· 55m 30s· 4 players
Game mode
Random Map
Map size
Medium (4 player)
Population
200
Speed
Normal
Resources
Standard
Victory
Conquest
Starting age
Dark Age
Ending age
Imperial Age
RankedLock teamsTeams togetherTeam positionsShared explorationLock speedFull tech treeHidden civsTurbo modeCheats
Victory
Defeat
🇹🇷 Spanish · Türkiye
915
+13
🇹🇷 Burgundians · Türkiye
806
+18
🇷🇺 Franks · Russia
863
-16
🇷🇺 Byzantines · Russia
841
-15
user89
2:53 Loom
8:07 Feudal Age
13:15 Castle Age
13:27 Wheelbarrow
17:44 Double-Bit Axe
24:54 Fletching
25:31 Bow Saw
25:05 Horse Collar
26:11 Squires
25:57 Gambesons
25:32 Pikeman
27:54 Forging
27:50 Scale Barding Armor
27:41 Bodkin Arrow
29:15 Hand Cart
34:08 Imperial Age
31:48 Husbandry
31:52 Scale Mail Armor
34:06 Chain Barding Armor
35:42 Chain Mail Armor
35:59 Heavy Camel Rider
36:42 Gold Mining
37:03 Heavy Plow
38:25 Two-Man Saw
38:42 Gold Shaft Mining
39:36 Iron Casting
38:58 Treadmill Crane
39:32 Fortified Wall
41:12 Plate Mail Armor
42:19 Chemistry
41:46 Conscription
42:18 Coinage
41:30 Cavalier
43:31 Hoardings
43:54 Plate Barding Armor
46:12 Bracer
48:40 Guilds
50:00 Bombard Tower
49:38 Murder Holes
50:54 Elite Cataphract
51:48 Logistica
SectoR
4:14 Loom
9:05 Feudal Age
9:35 Double-Bit Axe
17:41 Castle Age
16:40 Scale Mail Armor
17:24 Stone Mining
18:37 Gold Mining
18:15 Pikeman
19:36 Town Watch
21:04 Wheelbarrow
22:16 Bow Saw
25:28 Forging
26:42 Gold Shaft Mining
29:49 Scale Barding Armor
33:05 Imperial Age
32:18 Husbandry
34:34 Ballistics
34:00 Cavalier
36:35 Hand Cart
36:24 Town Patrol
36:24 Elite Skirmisher
37:00 Fletching
37:12 Padded Archer Armor
38:15 Masonry
39:15 Chemistry
38:30 Masonry
38:46 Leather Archer Armor
38:31 Bodkin Arrow
42:11 Conscription
43:02 Leather Archer Armor
44:13 Siege Engineers
44:47 Iron Casting
44:35 Chain Barding Armor
46:19 Halberdier
46:59 Squires
47:46 Capped Ram
51:42 Blast Furnace
50:59 Chain Mail Armor
51:32 Murder Holes
Lione..
8:36 Feudal Age
12:24 Castle Age
10:18 Double-Bit Axe
10:56 Horse Collar
12:36 Loom
21:42 Gold Mining
24:10 Wheelbarrow
27:22 Forging
27:18 Scale Barding Armor
29:22 Light Cavalry
30:13 Bloodlines
30:03 Husbandry
30:45 Iron Casting
30:31 Chain Barding Armor
31:43 Fletching
38:47 Imperial Age
37:49 Bodkin Arrow
37:54 Padded Archer Armor
39:07 Ballistics
38:11 Elite Skirmisher
38:49 Cavalier
40:36 Blast Furnace
40:44 Chemistry
39:39 Hussar
41:00 Plate Barding Armor
40:13 Paladin
41:23 Bracer
42:28 Leather Archer Armor
49:19 Ring Archer Armor
49:15 Bombard Tower
SZY19999
0:32 Loom
10:19 Feudal Age
8:45 Double-Bit Axe
9:31 Horse Collar
11:17 Heavy Plow
11:30 Bow Saw
16:39 Castle Age
16:15 Wheelbarrow
16:55 Forging
16:46 Scale Mail Armor
18:31 Crop Rotation
19:11 Scale Barding Armor
20:19 Hand Cart
19:53 Pikeman
22:09 Town Watch
27:34 Imperial Age
25:44 Gold Mining
27:00 Chain Barding Armor
28:23 Iron Casting
29:58 Plate Barding Armor
31:21 Two-Man Saw
31:25 Blast Furnace
31:19 Padded Archer Armor
31:10 Fletching
32:09 Gold Shaft Mining
33:46 Chemistry
33:18 Conscription
33:45 Bodkin Arrow
34:06 Leather Archer Armor
33:18 Elite Coustillier
34:44 Bracer
35:03 Chain Mail Armor
34:55 Elite Skirmisher
35:21 Halberdier
36:03 Squires
35:48 Arson
36:25 Stone Mining
37:02 Ballistics
36:53 Fortified Wall
37:33 Murder Holes
38:32 Plate Mail Armor
38:18 Masonry
39:54 Town Patrol
41:09 Architecture
45:27 Arrowslits
45:23 Treadmill Crane
Connection lost

Rejoining the realm…

Still unreachable

The connection could not be restored.

Session expired

The server has moved on; the page needs a fresh start.